 Dungeon Crawl Stone Soup version 0.31.0-11-ge490571c62 (webtiles) character file.

Game seed: 1406170361155205909

110 qw the Skirmisher (level 4, 0/25 HPs)
             Began as a Deep Elf Hunter on Feb 3, 2024.
             Slain by an orc
             ... wielding a +0 falchion
              (4 damage)
             ... on level 3 of the Dungeon.
             The game lasted 00:00:07 (2527 turns).

qw the Skirmisher (Deep Elf Hunter)                 Turns: 2527, Time: 00:00:07

Health: 0/25       AC:  8    Str: 10    XL:     4   Next: 61%
Magic:  6/6        EV: 11    Int: 14    God:
Gold:   201        SH:  0    Dex: 18    Spells: 3/3 levels left

rFire   . . .        a - +0 shortbow
rCold   . . .        (shield currently unavailable)
rNeg    . . .        h - +2 ring mail
rPois   +            g - +0 helmet
rElec   .            (no cloak)
rCorr   .            (no gloves)
SInv    .            (no boots)
Will    .....        (no amulet)
Stlth   +            c - ring of poison resistance
HPRegen 0.24/turn    (no ring)
MPRegen 0.10/turn

%: no passive effects
@: no status effects
A: no striking features
a: no special abilities


You were on level 3 of the Dungeon.
You visited 1 branch of the dungeon, and saw 4 of its levels.

You collected 201 gold pieces.


   Skills:
 - Level 1.5 Fighting
 + Level 8.0 Ranged Weapons
 - Level 2.4 Dodging
 - Level 1.2 Stealth


You had 3 spell levels left.
You didn't know any spells.
Your spell library was empty.

Inventory:

Hand Weapons
 a - a +0 shortbow (weapon)
Armour
 g - a +0 helmet (worn)
 h - a +2 ring mail (worn)
Jewellery
 c - a ring of poison resistance (left hand)
Potions
 j - a potion of enlightenment {unknown}
 k - a potion of berserk rage {unknown}
 l - a potion of heal wounds {unknown}

Dungeon Overview and Level Annotations

Branches:
Dungeon (4/15)
 Temple: D:4-7

Altars:


Message History

You shoot an arrow.
The arrow barely misses the howler monkey.
The orc hits you but does no damage. The orc hits you with a +0 falchion.
The howler monkey misses you. The orc barely misses you.
The orc hits you with a +0 falchion.
You shoot an arrow. The arrow hits the howler monkey.
The howler monkey is moderately wounded.
The howler monkey hits you but does no damage.
The orc hits you but does no damage. The orc barely misses you.
You shoot an arrow.
The arrow closely misses the howler monkey.
The howler monkey barely misses you. The orc hits you with a +0 club.
The orc hits you but does no damage.
The howler monkey hoots and howls with incredible vigour!
You shoot an arrow. The arrow hits the howler monkey.
The howler monkey is heavily wounded.
The orc misses you.
The howler monkey hits you but does no damage.
The orc hits you but does no damage.
You shoot an arrow.
The arrow closely misses the howler monkey.
The howler monkey hits you. The orc closely misses you.
The orc completely misses you.
You shoot an arrow.
The arrow closely misses the howler monkey.
The howler monkey hoots and howls with incredible vigour!
The orc hits you but does no damage. The orc closely misses you.
The howler monkey hits you.
You shoot an arrow.
The arrow barely misses the howler monkey.
The orc hits you but does no damage. The orc closely misses you.
The howler monkey hits you but does no damage.
The orc misses you. The orc closely misses you.
You shoot an arrow. The arrow hits the howler monkey!
You kill the howler monkey!
The orc closely misses you. The orc misses you.
Your Ranged Weapons skill increases to level 8!
You shoot an arrow. The arrow completely misses the orc.
The orc closely misses you. The orc hits you with a +0 falchion.
You die...

###########
###.........#
.##.........#
.##.........#
.##...%.....########
.##....)...........#
.##.............@%.#
.####.#####....o.o.#
!####.# #........#
......# ##########
.###### ...# ##.#
.#.# .#.#


You could see 2 orcs.

Vanquished Creatures
  A howler monkey (D:3)
  An adder (D:3)
  A dart slug (D:1)
  A ribbon worm (D:2)
  2 orcs (D:3)
  5 ball pythons
  6 endoplasms
  4 giant cockroaches
  9 goblins
  5 hobgoblins
  4 jackals (D:1)
  2 kobolds
  2 quokkas (D:2)
  3 bats
  4 frilled lizards
  A rat (D:1)
51 creatures vanquished.

Notes
Turn   | Place    | Note
-------+----------+-------------------------------------------
     0 | D:1      | qw the Deep Elf Hunter began the quest for the Orb.
     0 | D:1      | Reached XP level 1. HP: 12/12 MP: 3/3
     0 | D:1      | 0 ||| qw: Version: 0.3-a-155-g5e7d8dd
     0 | D:1      | 0 ||| qw: Game counter: 3549
     0 | D:1      | 0 ||| qw: Melee chars always use a shield: true
     0 | D:1      | 0 ||| qw: God list: Okawaru
     0 | D:1      | 0 ||| qw: Allow faded altars: false
     0 | D:1      | 0 ||| qw: Do Orc after clearing Dungeon:15 true
     0 | D:1      | 0 ||| qw: Do second Lair branch before Depths: true
     0 | D:1      | 0 ||| qw: Lair rune preference: random
     0 | D:1      | 0 ||| qw: Goals: Normal
     0 | D:1      | 0 ||| PLANNING D:1-11
   196 | D:1      | Reached XP level 2. HP: 16/16 MP: 4/4
   211 | D:1      | Reached skill level 6 in Ranged Weapons
   576 | D:1      | Reached XP level 3. HP: 19/20 MP: 5/5
   935 | D:1      | 935 ||| UPGRADING to +0 ring mail.
   945 | D:1      | 945 ||| DROPPING +0 leather armour.
   946 | D:1      | 946 ||| READING scroll labelled MOTIVO SITOMEGEPS.
   946 | D:1      | 946 ||| ENCHANTING +0 ring mail.
   947 | D:1      | 947 ||| READING scroll labelled TUSSOLEERA.
   948 | D:1      | 948 ||| DRINKING 2 fizzy purple potions.
   994 | D:1      | 994 ||| DROPPING scroll of butterflies.
   995 | D:1      | 995 ||| DROPPING potion of lignification.
  1232 | D:2      | 1232 ||| READING scroll of enchant armour.
  1232 | D:2      | 1232 ||| ENCHANTING +1 ring mail.
  1262 | D:2      | Reached skill level 7 in Ranged Weapons
  1740 | D:2      | 1740 ||| UPGRADING to +0 helmet.
  1745 | D:2      | 1745 ||| UPGRADING to ring of poison resistance.
  1746 | D:2      | 1746 ||| READING scroll labelled YBBUIGE NEHE.
  1747 | D:2      | 1747 ||| READING scroll labelled FUASHY FEWANY.
  1748 | D:2      | 1748 ||| READING scroll labelled POIRUZXO IRIASS.
  1748 | D:2      | 1748 ||| IDENTIFYING smoky black potion
  1749 | D:2      | 1749 ||| DRINKING 2 fizzy inky potions.
  1750 | D:2      | 1750 ||| DRINKING 2 fuming amethyst potions.
  1751 | D:2      | 1751 ||| DROPPING potion of brilliance.
  1752 | D:2      | 1752 ||| DROPPING potion of attraction.
  1753 | D:2      | 1753 ||| DROPPING potion of magic.
  2116 | D:3      | Reached XP level 4. HP: 25/25 MP: 6/6
  2443 | D:3      | 2443 ||| READING scroll of identify.
  2443 | D:3      | 2443 ||| IDENTIFYING fizzy golden potion
  2444 | D:3      | 2444 ||| READING scroll labelled LEGUEPTICHOEM.
  2445 | D:3      | 2445 ||| READING scroll labelled ADABRO MOICEBU.
  2489 | D:3      | 2489 ||| DROPPING potion of degeneration.
  2510 | D:4      | 2510 ||| STAIRDANCE
  2516 | D:4      | 2516 ||| STAIRDANCE
  2524 | D:3      | HP: 3/25 [howler monkey (4)]
  2527 | D:3      | Reached skill level 8 in Ranged Weapons
  2527 | D:3      | Slain by an orc

Levels and vault maps discovered:
D:1:      lemuel_arrival_rhombus, layout_basic
D:2:      layout_basic, minmay_misc_feat_encased
D:3:      layout_basic
D:4:      mumra_celtic_spiral_tile, layout_basic, serial_bayou_lagoon_a,
          minmay_starry_boxes

Skill      XL: |  1  2  3  4 |
---------------+-------------+-----
Ranged Weapons | 6 7 8 |  8.0
Fighting       | |  1.5
Dodging        | |  2.4
Stealth        | |  1.2

Action                     |  1- 3 |  4- 6 || total
---------------------------+-------+-------++-------
   Fire: Shortbow          |   122 |    17 ||   139
    Use: Scroll            |     6 |     3 ||     9
         Potion            |     3 |       ||     3
 Armour: Leather armour    |     9 |       ||     9
         Ring mail         |    10 |    19 ||    29
  Dodge: Dodged            |    26 |    21 ||    47

Table legend:
 A = Non-vault XP
 B = Vault XP
 C = Vault XP percentage of total XP
 D = Non-vault monster count
 E = Vault monster count
 F = Vault count percentage of total count
                 A         B        C        D         E       F
            +---------+---------+-------+---------+---------+-------
      Total |     158 |       0 |   0.0 |      51 |       0 |   0.0
            +---------+---------+-------+---------+---------+-------
        D:1 |      46 |       0 |   0.0 |      25 |       0 |   0.0
        D:2 |      31 |       0 |   0.0 |      16 |       0 |   0.0
        D:3 |      81 |       0 |   0.0 |      10 |       0 |   0.0
            +---------+---------+-------+---------+---------+-------
